 Dungeon Crawl Stone Soup version 0.20.1-1-g8b1a95d (webtiles) character file.

251 equalderp2856 the Covered (level 5, -3/47 HPs)
             Began as a Minotaur Fighter on Oct 1, 2017.
             Killed by nerve-wracking pain
             ... invoked by a shadow imp
              (13 damage)
             ... on level 5 of the Dungeon.
             The game lasted 00:02:21 (2367 turns).

equalderp2856 the Covered (Minotaur Fighter)        Turns: 2367, Time: 00:02:22

Health: -3/47      AC:  7    Str: 21    XL:     5   Next: 88%
Magic:  4/4        EV:  7    Int:  5    God:
Gold:   84         SH: 10    Dex: 10    Spells: 4/4 levels left

rFire    . . .     SeeInvis .   a - +0 war axe
rCold    . . .     Gourm    .   c - +0 shield
rNeg     . . .     Faith    .   b - +0 scale mail
rPois    .         Spirit   .   (helmet restricted)
rElec    .         Reflect  .   (no cloak)
rCorr    .         Harm     .   (no gloves)
MR       .....                  (no boots)
Stlth    ..........             (no amulet)
Regen    0.2/turn               (no ring)
MPRegen  0.1/turn               (no ring)

@: no status effects
A: retaliatory headbutt, horns 2
a: no special abilities


You were on level 5 of the Dungeon.
You were near starving.

You visited 1 branch of the dungeon, and saw 5 of its levels.

You collected 84 gold pieces.

Inventory:

Hand Weapons
 a - a +0 war axe (weapon)
Armour
 b - a +0 scale mail (worn)
 c - a +0 shield (worn)
Jewellery
 g - a +4 ring of protection {unknown}
 m - an uncursed ring of resist corrosion {unknown}
Scrolls
 e - a scroll of magic mapping {unknown}
 h - a scroll of recharging {unknown}
 i - 3 scrolls of remove curse {unknown}
 k - a scroll of immolation {unknown}
Potions
 d - a potion of might
 l - a potion of haste {unknown}
Comestibles
 f - 2 bread rations
 j - a royal jelly


   Skills:
 + Level 4.6 Fighting
 + Level 4.6 Axes
 + Level 5.0 Armour
 + Level 0.4 Dodging
 + Level 0.5 Stealth
 + Level 5.0 Shields


You had 4 spell levels left.
You didn't know any spells.

Dungeon Overview and Level Annotations

Branches:
Dungeon (5/15)
 Temple: D:4-7

Altars:


Innate Abilities, Weirdness & Mutations

You reflexively headbutt those who attack you in melee.
You have a pair of horns on your head.


Message History

The shadow imp is lightly wounded.
You slash the hound!
You kill the hound!
Your Armour skill increases to level 5!
Your Shields skill increases to level 5!
You block the shadow imp's attack.
Unknown command.
Your shield prevents you from hitting the shadow imp.
Your headbutt misses the shadow imp.
The shadow imp is lightly wounded.
The shadow imp hits you.
* * * LOW HITPOINT WARNING * * *
The crimson imp laughs crazily.
The crimson imp blinks!
You completely miss the shadow imp.
The shadow imp is lightly wounded.
The shadow imp hits you but does no damage.
The shadow imp gestures at you. Pain shoots through your body!
You die...

#######.. ###.
......... ....
......... .....
........###.....
........).......
........s.......
.......†........
.....5.<@5......
................
.......######...
....... .
#######


You could see a crimson imp, a shadow imp and a giant cockroach.

Vanquished Creatures
  A howler monkey (D:5)
  A hound (D:5)
  Terence (D:2)
  Natasha (thrice) (D:2)
  3 adders (D:2)
  2 oozes
  A worm (D:2)
  A leopard gecko (D:2)
  5 orcs (D:4)
  5 bats
  3 giant cockroaches
  7 goblins
  3 hobgoblins
  A quokka (D:5)
  6 frilled lizards
  3 kobolds
  A rat (D:1)
47 creatures vanquished.

Notes
Turn   | Place    | Note
-------+----------+-------------------------------------------
     0 | D:1      | equalderp2856 the Minotaur Fighter began the quest for the Orb.
     0 | D:1      | Reached XP level 1. HP: 19/19 MP: 0/0
   330 | D:1      | Reached XP level 2. HP: 27/27 MP: 1/1
   544 | D:1      | You fall through a shaft!
   610 | D:2      | Reached XP level 3. HP: 29/33 MP: 2/2
   622 | D:2      | Noticed Terence
   643 | D:2      | Killed Terence
   660 | D:2      | Reached XP level 4. HP: 22/40 MP: 3/3
  1067 | D:2      | Noticed Natasha
  1077 | D:2      | Killed Natasha
  1757 | D:2      | Noticed Natasha
  1762 | D:2      | Killed Natasha
  1762 | D:2      | Reached XP level 5. HP: 47/47 MP: 4/4
  2060 | D:2      | Noticed Natasha
  2063 | D:2      | Killed Natasha
  2324 | D:4      | Noticed a hippogriff
  2356 | D:5      | Entered Level 5 of the Dungeon
  2365 | D:5      | Reached skill level 5 in Armour
  2365 | D:5      | Reached skill level 5 in Shields
  2367 | D:5      | Killed from afar by a shadow imp

Skill      XL: |  1  2  3  4  5 |
---------------+----------------+-----
Armour         | 4 5 |  5.0
Shields        | 4 5 |  5.0
Fighting       | 4 |  4.6
Axes           | 3 4 |  4.6
Dodging        | |  0.4
Stealth        | |  0.5

Action                   |  1- 3 |  4- 6 || total
-------------------------+-------+-------++-------
Melee: War axe           |    58 |    85 ||   143
       Headbutt          |     6 |    18 ||    24
  Eat: Chunk             |       |     3 ||     3
Armor: Scale mail        |    26 |    43 ||    69
Dodge: Dodged            |    10 |    30 ||    40
Block: Shield            |    33 |    68 ||   101
